 Dungeon Crawl Stone Soup version 0.29-a0-830-gcb1280458a (webtiles) character file.

Game seed: 18121368852119488354

32 Conn the Firebug (level 3, -1/22 HPs)
             Began as an Octopode Fire Elementalist on July 12, 2022.
             Slain by a gnoll
             ... wielding a +0 club
              (5 damage)
             ... on level 2 of the Dungeon.
             The game lasted 00:03:42 (1273 turns).

Conn the Firebug (Octopode Fire Elementalist)       Turns: 1273, Time: 00:03:42

Health: -1/22      AC:  1    Str:  7    XL:     3   Next: 25%
Magic:  6/6        EV: 13    Int: 19    God:
Gold:   106        SH:  0    Dex: 12    Spells: 5/6 levels left

rFire   . . .      SeeInvis .   d - +0 short sword
rCold   . . .      Faith    .   (no shield)
rNeg    . . .      Spirit   .   (helmet restricted)
rPois   +          Reflect  .   e - amulet of the acrobat
rElec   .          Harm     .   b - ring of poison resistance
rCorr   .          Rampage  .   (no ring)
Will    .....                   (no ring)
Stlth   +++.......              (no ring)
HPRegen 0.07/turn               (no ring)
MPRegen 0.10/turn               (no ring)
                                (no ring)
                                (no ring)

@: mighty, attractive
A: almost no armour, amphibious, 8 rings, camouflage 1, gelatinous body 1,
(nimble swimmer 1), tentacles, inability to read while threatened 1
a: no special abilities


You were on level 2 of the Dungeon.
You visited 1 branch of the dungeon, and saw 2 of its levels.

You collected 106 gold pieces.

Inventory:

Hand Weapons
 d - a +0 short sword (weapon)
Jewellery
 b - a ring of poison resistance (left tentacle)
 e - an amulet of the acrobat (around mantle)
Scrolls
 c - a scroll of identify
 g - a scroll of enchant armour
Potions
 a - a potion of magic
 k - a potion of curing


   Skills:
 + Level 0.4 Fighting
 + Level 0.1 Short Blades
 + Level 2.1 Dodging
 + Level 2.9 Stealth
 * Level 2.3 Spellcasting
 * Level 1.2 Conjurations
 * Level 3.5 Fire Magic


You had 5 spell levels left.
You knew the following spells:

 Your Spells              Type           Power      Damage    Failure   Level
a - Foxfire               Conj/Fire      44%        2x1d6     6%          1

Your spell library contained the following spells:

 Spells                   Type           Power      Damage    Failure   Level
 Scorch                   Fire           30%        2d6       6%          2
 Beastly Appendage        Tmut           4%         N/A       16%         1
 Conjure Flame            Conj/Fire      11%        6-21      19%         3
 Wereblood                Tmut           2%         N/A       24%         2
 Inner Flame              Hex/Fire       9%         N/A       24%         3
 Spider Form              Tmut/Pois      2%         N/A       43%         3
 Flame Wave               Conj/Fire      11%        2d5       52%         4


Dungeon Overview and Level Annotations

Branches:
Dungeon (2/15)

Altars:


Innate Abilities, Weirdness & Mutations

You cannot wear most types of armour.
You are amphibious.
You can wear up to eight rings at the same time.
Your skin changes colour to match your surroundings (Stealth+).
Your rubbery body absorbs attacks. (AC +1, EV +1)
((You are camouflaged when in or above water. (Stealth+)))
You have tentacles for arms and can constrict up to eight enemies at once.
You occasionally lose the ability to read scrolls when taking damage.


Message History

There is an open door here.
As you open the door, it creaks loudly!
There is an open door here.
You open the large door.
A gnoll comes into view. It is wielding a +0 spear.
There is a large open door here. 2 gnolls come into view.
The gnoll shouts!
There is a large open door here.
The gnoll shouts!
There is a large open door here.
There is a large open door here.
The gnoll attacks as you move away! The gnoll closely misses you.
As you read the scroll labelled FIUXOE EWAS, it crumbles to dust.
It is a scroll of identify.
g - a scroll of enchant armour The gnoll misses you.
Okay, then.
It was a potion of attraction.
You feel attractive to monsters. The gnoll hits you with a +0 club!
It was a potion of mutation.
You feel extremely strange.
You occasionally lose the ability to read scrolls when threatened.
The gnoll closely misses you.
It was a potion of heal wounds.
You feel much better. The gnoll completely misses you.
The gnoll hits you from afar with a +0 spear!
The gnoll is attracted toward you.
It was a potion of might.
You feel very mighty all of a sudden. The gnoll hits you with a +0 club.
The gnoll closely misses you. The gnoll hits you with a +0 spear.
* * * LOW HITPOINT WARNING * * *
Okay, then.
Okay, then.
You puncture the gnoll! You grab the gnoll.
The gnoll is almost dead.
You constrict the gnoll, but do no damage.
The gnoll hits you with a +0 club.
You die...

#.# #.# #.#.#
#########'#####.# ##.#
#...##.......##.# #..#
+...##.......##.###..#
#..g##.......##.#....#
#..g##..........#.#.##
+...##........###.#.#
#...##........###.#.#
+...''..§g@...##....#####
#...##...gg†............#
#...##.......##.........+
#...##.......##....<....#
#...##.......##.........#
######..<.....+........>+
########.#.........#
.#.........# .#.#########


You could see 3 gnolls.

Vanquished Creatures
  A dart slug (D:1)
  5 bats (D:1)
  4 endoplasms (D:1)
  3 giant cockroaches (D:1)
  4 goblins (D:1)
  3 ball pythons
  6 kobolds (D:1)
  A rat (D:1)
27 creatures vanquished.

Vanquished Creatures (others)
  75 foxfires
75 creatures vanquished.

Grand Total: 102 creatures vanquished

Notes
Turn   | Place    | Note
-------+----------+-------------------------------------------
     0 | D:1      | Conn the Octopode Fire Elementalist began the quest for the
                  | Orb.
     0 | D:1      | Reached XP level 1. HP: 11/11 MP: 3/3
   216 | D:1      | Reached XP level 2. HP: 17/17 MP: 1/5
   722 | D:1      | Reached XP level 3. HP: 19/21 MP: 1/6
  1270 | D:2      | Gained mutation: You occasionally lose the ability to read
                  | scrolls when taking damage. [potion of mutation]
  1273 | D:2      | Slain by a gnoll

Illustrated notes

Levels and vault maps discovered:
D:1:      nagdon_arrival_double_spiral, layout_basic
D:2:      layout_basic

Action                   || total
-------------------------++-------
Melee: Unarmed           ||     4
       Short sword       ||     8
       Constrict         ||     3
       Tentacles         ||     1
 Cast: Foxfire           ||    46
  Use: Potion            ||     4
       Scroll            ||     1
 Stab: Sleeping          ||     2
Armor: Skin              ||     5
Dodge: Dodged            ||    22

Table legend: (Time is in decaauts)
 A = Elapsed time spent in this place.
 B = Non-inter-level travel time spent in this place.
 C = Inter-level travel time spent in this place.
 D = Time resting spent in this place.
 E = Time spent auto-exploring this place.
 F = Levels seen in this place.
 G = Mean time per level.
                   A        B        C        D        E       F      G
               +--------+--------+--------+--------+--------+-----+--------+
         Total |   1272 |   1228 |     44 |      0 |    939 |   2 |  636.0 |
       Dungeon |   1272 |   1228 |     44 |      0 |    939 |   2 |  636.0 |
               +--------+--------+--------+--------+--------+-----+--------+

Top non-repeatable levels by time:
     D:1: 1165 daAuts
     D:2: 106 daAuts
